 Dungeon Crawl Stone Soup version 0.28-a0-872-g80cf8599ee (webtiles) character file.

Game seed: 8990850501581043293

143 bande the Covered (level 5, -4/33 HPs)
             Began as a Gargoyle Fighter on Nov 20, 2021.
             Slain by Pikel (11 damage)
             ... on level 4 of the Dungeon on Nov 21, 2021.
             The game lasted 00:05:45 (4692 turns).

bande the Covered (Gargoyle Fighter)                Turns: 4692, Time: 00:05:45

Health: -4/33      AC: 14    Str: 20    XL:     5   Next: 25%
Magic:  5/5        EV:  7    Int: 15    God:
Gold:   126        SH:  4    Dex:  9    Spells: 4/4 levels left

rFire   . . .      SeeInvis .   a - +1 war axe
rCold   . . .      Faith    .   c - +0 buckler
rNeg    + + .      Spirit   .   g - +0 chain mail
rPois   ∞          Reflect  .   m - +0 helmet
rElec   +          Harm     .   (no cloak)
rCorr   .          Rampage  .   (no gloves)
Will    .....                   (no boots)
Stlth   ..........              (no amulet)
HPRegen 0.11/turn               b - ring of positive energy
MPRegen 0.09/turn               i - +6 ring of intelligence

@: mighty, brilliant
A: sickness immunity, AC +4, negative energy resistance 1, electricity
resistance, torment resistance 1, petrification resistance
a: no special abilities


You were on level 4 of the Dungeon.
You visited 1 branch of the dungeon, and saw 4 of its levels.

You collected 126 gold pieces.

Inventory:

Hand Weapons
 a - a +1 war axe (weapon)
 k - a +0 flail
Armour
 c - a +0 buckler (worn)
 g - a +0 chain mail (worn)
 m - a +0 helmet (worn)
Jewellery
 b - a ring of positive energy (left hand)
 e - a ring of flight
 i - a +6 ring of intelligence (right hand)
Wands
 n - a wand of polymorph (9)
Scrolls
 f - a scroll of enchant armour {unknown}
 j - 4 scrolls of teleportation
 o - a scroll of magic mapping
 p - a scroll of holy word {unknown}
Potions
 h - a potion of haste


   Skills:
 + Level 3.8 Fighting
 + Level 3.4 Axes
 + Level 4.1 Armour
 + Level 4.0 Shields
 * Level 0.1 Evocations


You had 4 spell levels left.
You didn't know any spells.
Your spell library contained the following spells:

 Spells                   Type           Power      Damage    Failure   Level
 Corpse Rot               Necr/Air       0%         N/A       99%         2
 Static Discharge         Conj/Air       0%         N/A       99%         2
 Dazzling Flash           Conj/Hex       0%         N/A       100%        3
 Dispel Undead            Necr           0%         3d6       100%        4
 Sticky Flame             Conj/Fire      0%         2d3       100%        4
 Agony                    Necr           0%         N/A       100%        5
 Silence                  Hex/Air        0%         N/A       100%        5
 Death Channel            Necr           0%         N/A       100%        6


Dungeon Overview and Level Annotations

Branches:
Dungeon (4/15)
 Temple: D:4-7

Altars:
Elyvilon

Annotations:
D:4 Pikel


Innate Abilities, Weirdness & Mutations

You are immune to sickness and miasma.
Your stone body is resilient. (AC +4)
You are immune to poison.
You resist negative energy. (rN+)
You are resistant to electric shocks. (rElec)
You are resistant to unholy torment.
You are immune to petrification.


Message History

You hit Pikel.
Pikel is heavily wounded.
Pikel closely misses you.
Unknown command.
You closely miss Pikel.
Pikel is heavily wounded.
Pikel barely misses you.
Pikel hits you with a +2 whip of freezing!
Pikel freezes you.
You hit Pikel but do no damage.
Pikel is heavily wounded.
Pikel hits you with a +2 whip of freezing!
Pikel freezes you.
Unknown command.
You hit Pikel but do no damage.
Pikel is heavily wounded.
Pikel hits you but does no damage.
Unknown command.
You hit Pikel.
Pikel is heavily wounded.
Pikel hits you with a +2 whip of freezing.
Pikel freezes you.
* * * LOW HITPOINT WARNING * * *
You block Pikel's attack.
You barely miss Pikel.
Pikel is heavily wounded.
Pikel hits you with a +2 whip of freezing.
* * * LOW HITPOINT WARNING * * *
Pikel freezes you.
* * * LOW HITPOINT WARNING * * *
Your chain mail prevents you from hitting Pikel.
Pikel is heavily wounded.
Pikel completely misses you.
Unknown command.
It was a potion of brilliance.
You feel clever all of a sudden. Pikel hits you but does no damage.
You feel very mighty all of a sudden.
Pikel hits you with a +2 whip of freezing!
You die...

.......#.......# #.......
##...####..##..# #....###
##...####..##..+ #....#
#....+........########
#....#
+.....#........#......#
#....#
#....##....##..'......#
#....#
#....##....##..#......#
#....#
...##........#......#
#....# #........#@##.###
#....# #....##..#K#8.8###
#....# #....#####55.....#
#....#
#....#...55#8.8#.###....###
#....#.....##.##...........
#....#.....................
#....#....#'####...†.......
#....#....#...........
.'....#5...'........###


You could see Pikel and 4 lemures.

Vanquished Creatures
  Robin (D:3)
  3 adders
  2 worms
  3 dart slugs
  5 orcs
  7 endoplasms
  3 giant cockroaches
  13 hobgoblins
  6 jackals (D:1)
  4 kobolds
  5 quokkas
  9 ball pythons
  4 bats (D:1)
  3 frilled lizards
  8 goblins
  5 rats
81 creatures vanquished.

Vanquished Creatures (others)
  22 plants (D:2)
22 creatures vanquished.

Grand Total: 103 creatures vanquished

Notes
Turn   | Place    | Note
-------+----------+-------------------------------------------
     0 | D:1      | bande the Gargoyle Fighter began the quest for the Orb.
     0 | D:1      | Reached XP level 1. HP: 14/14 MP: 1/1
     3 | D:1      | Noticed an electric eel
     4 | D:1      | Noticed an electric eel
   438 | D:1      | Reached XP level 2. HP: 19/19 MP: 2/2
  1010 | D:1      | Found a faded altar of an unknown god.
  1016 | D:1      | Reached XP level 3. HP: 23/23 MP: 3/3
  1725 | D:2      | Upgraded the game from 0.28-a0-863-g8cecda6153 to
                  | 0.28-a0-872-g80cf8599ee
  1930 | D:2      | Reached XP level 4. HP: 29/29 MP: 4/4
  2920 | D:3      | Noticed Robin
  2928 | D:3      | Killed Robin
  4040 | D:4      | Found a white marble altar of Elyvilon.
  4389 | D:4      | Reached XP level 5. HP: 31/33 MP: 5/5
  4665 | D:4      | Noticed Pikel
  4665 | D:4      | Noticed a lemure
  4665 | D:4      | Noticed a lemure
  4665 | D:4      | Noticed a lemure
  4666 | D:4      | Noticed a lemure
  4692 | D:4      | Slain by Pikel

Illustrated notes

Levels and vault maps discovered:
D:1:      arrival_aquarium_b, layout_basic, hellmonk_ecumenical_altar_dog_temple
D:2:      layout_basic, serial_bayou, serial_bayou_pond_d, serial_bayou_shore_a,
          serial_bayou_lagoon_a, serial_bayou_lake_a
D:3:      layout_basic, uniq_robin
D:4:      layout_gridville, elyvilon_altar_4, small_statue_intersection,
          minmay_increasing_density, uniq_natasha, uniq_pikel

Skill      XL: |  1  2  3  4  5 |
---------------+----------------+-----
Axes           | 2 3 |  3.4
Armour         | 4 |  4.1
Shields        | 4 |  4.0
Fighting       | |  3.8
Evocations     | |  0.1

Action                   |  1- 3 |  4- 6 || total
-------------------------+-------+-------++-------
Melee: War axe           |   120 |   157 ||   277
  Use: Scroll            |     1 |     6 ||     7
       Potion            |       |     2 ||     2
Armor: Scale mail        |    65 |       ||    65
       Chain mail        |    21 |    91 ||   112
Dodge: Dodged            |    62 |    63 ||   125
Block: Buckler           |    27 |    40 ||    67

Table legend: (Time is in decaauts)
 A = Elapsed time spent in this place.
 B = Non-inter-level travel time spent in this place.
 C = Inter-level travel time spent in this place.
 D = Time resting spent in this place.
 E = Time spent auto-exploring this place.
 F = Levels seen in this place.
 G = Mean time per level.
                   A        B        C        D        E       F      G
               +--------+--------+--------+--------+--------+-----+--------+
         Total |   4883 |   4696 |    187 |    335 |   3587 |   4 | 1220.8 |
       Dungeon |   4883 |   4696 |    187 |    335 |   3587 |   4 | 1220.8 |
               +--------+--------+--------+--------+--------+-----+--------+

Top non-repeatable levels by time:
     D:2: 1492 daAuts
     D:3: 1423 daAuts
     D:1: 1140 daAuts
     D:4: 827 daAuts
